 Dungeon Crawl Stone Soup version 0.32-a0-834-geaf45d8e21 (webtiles) character file.

Game seed: 15118022102712087013

5650 smashvw the Grappler (level 10, -1/104 HPs)
             Began as a Troll Fighter on Mar 25, 2024.
             Was a High Priest of Okawaru.
             Slain by a vampire
             ... wielding a +0 club
              (12 damage)
             ... on level 9 of the Dungeon.
             The game lasted 00:16:27 (7141 turns).

smashvw the Grappler (Troll Fighter)                Turns: 7141, Time: 00:16:28

Health: -1/104     AC:  7    Str: 26    XL:     10   Next: 46%
Magic:  9/9        EV: 13    Int:  6    God:    Okawaru [*****.]
Gold:   300        SH: 16    Dex: 17    Spells: 9/9 levels left

rFire   . .          .
                       - Unarmed
rCold   . . .        b - +0 kite shield
rNeg    . . .        P - +0 troll leather armour
rPois   +            (helmet restricted)
rElec   .            v - +1 cloak {rPois}
rCorr   .            (gloves unavailable)
SInv    .            (boots unavailable)
Will    .....        i - amulet of reflection
Stlth   +            d - +5 ring of evasion
HPRegen 1.97/turn    j - +6 ring of dexterity
MPRegen 0.11/turn

%: reflection
@: no status effects
A: large, unfitting armour, claws 3, regeneration 1, shaggy fur 1, tough skin 1
a: Renounce Religion, Heroism, Finesse, Duel


You were on level 9 of the Dungeon.
You worshipped Okawaru.
Okawaru was extremely pleased with you.
You visited 1 branch of the dungeon, and saw 9 of its levels.

You collected 300 gold pieces.

Inventory:

Missiles
 c - a curare-tipped dart
 t - 35 poisoned darts
 F - 2 boomerangs
 L - 4 large rocks (quivered)
 Q - a throwing net
Armour
 b - a +0 kite shield (worn)
 v - a +1 cloak of poison resistance (worn)
 E - a +2 robe of willpower
 P - a +0 troll leather armour (worn)
Jewellery
 d - a +5 ring of evasion (left claw)
 i - an amulet of reflection (around neck)
 j - a +6 ring of dexterity (right claw)
 z - a ring of see invisible
 B - a +6 ring of intelligence
 N - a +5 ring of evasion
Wands
 a - a wand of flame (28)
 s - a wand of digging (4)
 y - a wand of roots (8)
 H - a wand of polymorph (7)
Scrolls
 e - 2 scrolls of blinking
 f - a scroll of revelation
 l - 4 scrolls of fog
 n - 4 scrolls of enchant weapon
 o - a scroll of vulnerability
 p - 5 scrolls of enchant armour {unknown}
 q - 3 scrolls of noise {unknown}
 r - 4 scrolls of fear
 C - a scroll of torment {unknown}
 G - a scroll of teleportation {unknown}
 I - 2 scrolls of amnesia {unknown}
 J - 2 scrolls of poison {unknown}
 M - a scroll of immolation {unknown}
 O - a scroll of identify
Potions
 g - a potion of might
 h - 3 potions of cancellation
 k - a potion of attraction {unknown}
 m - 4 potions of heal wounds {unknown}
 u - 4 potions of curing {unknown}
 w - 2 potions of haste {unknown}
 x - 2 potions of invisibility {unknown}
 A - 4 potions of berserk rage {unknown}
 D - a potion of mutation {unknown}
 K - 2 potions of degeneration {unknown}


   Skills:
 + Level 7.7 Fighting
 + Level 4.5 Throwing
 - Level 2.4 Dodging
 + Level 8.3 Shields
 + Level 8.8 Unarmed Combat


You had 9 spell levels left.
You didn't know any spells.
Your spell library contained the following spells:

 Spells                   Type           Power      Damage    Failure   Level
 Sandblast                Erth           0%         2d4       71%         1
 Slow                     Hex            0%         N/A       71%         1
 Confusing Touch          Hex            0%         N/A       97%         3
 Inner Flame              Hex/Fire       0%         N/A       97%         3
 Stone Arrow              Conj/Erth      0%         3d7       97%         3
 Vampiric Draining        Necr           0%         2d6       97%         3
 Brom's Barrelling Bould  Conj/Erth      0%         2d3       100%        4
 Irradiate                Conj/Alch      0%         3d11      100%        5
 Ignition                 Fire           0%         3d3       100%        8


Dungeon Overview and Level Annotations

Branches:
Dungeon (9/15)             Temple (0/1) D:6
   Lair: D:8-11         Orc: D:9-12

Altars:
Cheibriados
Dithmenos
Gozag
Hepliaklqana
Makhleb
Nemelex Xobeh
Okawaru
Vehumet
Wu Jian
Xom
Yredelemnul
Zin
The Shining One

Shops:
D:4 **


Innate Abilities, Weirdness & Mutations

You are too large for most types of armour.
You have claws for hands.
Your natural rate of healing is unusually fast.
You are covered in fur. (AC +1)
You have tough skin. (AC +1)


Message History

You mangle something!! Something hits you. Something bites you.
Something draws strength from your injuries!
You scratch something. Something hits you.
Something bites you but does no damage.
You claw something! You block something's attack.
Something bites you but does no damage.
You miss something. Something hits you! You block something's attack.
You closely miss something. Something hits you but does no damage.
Something bites you.
Something draws strength from your injuries!
You barely miss something. Something hits you!
Something bites you but does no damage.
You barely miss something. Something barely misses you. Something bites you.
Something draws strength from your injuries!
You miss something. Something draws life force from you!
You scratch something but do no damage. Something draws life force from you!
You barely miss something.
You hear some strange, mumbled words.
You are confused.
You bump into the translucent stone wall.
Something hits you! Something bites you but does no damage.
You scratch something. You barely miss something. Something hits you!
* * * LOW HITPOINT WARNING * * *
Something completely misses you.
You bump into the translucent stone wall.
Something hits you but does no damage. Something bites you!
* * * LOW HITPOINT WARNING * * *
Something draws strength from your injuries!
You bump into the rock wall.
Something hits you.
* * * LOW HITPOINT WARNING * * *
Something barely misses you.
It was a potion of cancellation.
Your magical effects are unravelling.
You feel magically purged.
You feel less confused. Something hits you!
* * * LOW HITPOINT WARNING * * *
Something bites you!
You die...

..###########..##
..####g..[####..#
.###........###.##
.##...#..#...##..#
###..##..##.[###.#
#..##[...##.h##.#
##....##.J##.#
#....##.Y##.#
#[...##.h##@#
######..###{#
.####..$##..#
.......###)##
......###...##..#
......##......#
..........#....#
.......######..#
..##### ###


You could see a slime creature and a howler monkey.

Vanquished Creatures
  Amaemon (D:8)
  An orange demon (D:8)
  Jeremiah (D:8)
  A troll (D:9)
  4 yaks
  4 steam dragons
  An acid dragon (D:9)
  A water moccasin (D:8)
  2 orc warriors
  3 sky beasts
  2 black bears
  4 centaurs
  Blork the orc (D:5)
  4 kobold brigands
  3 bullfrogs (D:8)
  2 gnoll sergeants (D:8)
  A wyvern zombie (D:6)
  3 scorpions
  A killer bee (D:8)
  A howler monkey (D:8)
  3 bombardier beetles (D:4)
  A crimson imp (D:7)
  5 hounds
  6 orc priests
  A gnoll bouda (D:9)
  4 iguanas
  Ijyb (D:4)
  Terence (D:2)
  9 orc wizards
  A howler monkey zombie (D:6)
  Robin (D:4)
  4 gnolls
  8 adders
  4 ufetubi
  2 dart slugs (D:2)
  27 orcs
  6 ball pythons
  5 endoplasms
  5 giant cockroaches
  13 goblins
  10 hobgoblins
  16 jackals
  28 kobolds
  A quokka (D:1)
  5 bats
  2 frilled lizards
  6 rats
216 creatures vanquished.

Vanquished Creatures (others)
  A white imp (D:7)
  4 kobolds
5 creatures vanquished.

Grand Total: 221 creatures vanquished

Notes
Turn   | Place    | Note
-------+----------+-------------------------------------------
     0 | D:1      | smashvw the Troll Fighter began the quest for the Orb.
     0 | D:1      | Reached XP level 1. HP: 22/22 MP: 0/0
    30 | D:1      | Reached XP level 2. HP: 16/29 MP: 1/1
   533 | D:1      | Reached XP level 3. HP: 34/36 MP: 2/2
   946 | D:2      | Noticed Terence
   952 | D:2      | Killed Terence
   953 | D:2      | Reached XP level 4. HP: 28/45 MP: 3/3
  1668 | D:3      | Reached XP level 5. HP: 49/53 MP: 4/4
  2145 | D:3      | Identified the +0 mace of Doors {flame, Will+}
  2218 | D:3      | Reached XP level 6. HP: 43/62 MP: 5/5
  2403 | D:3      | Found a hazy altar of Hepliaklqana.
  2403 | D:3      | Found a glowing golden altar of the Shining One.
  2472 | D:3      | Found a faded altar of an unknown god.
  2828 | D:4      | Found Meicw's Specific Store.
  2831 | D:4      | Found Xurer's General Store.
  2865 | D:4      | Found an ornate altar of the Wu Jian Council.
  3116 | D:4      | Noticed Ijyb
  3117 | D:4      | Noticed Robin
  3133 | D:4      | Killed Ijyb
  3134 | D:4      | Reached XP level 7. HP: 32/70 MP: 6/6
  3138 | D:4      | Killed Robin
  3464 | D:5      | Entered Level 5 of the Dungeon
  3533 | D:5      | Found an iron altar of Okawaru.
  3556 | D:5      | Reached skill level 5 in Shields
  3572 | D:5      | Reached skill level 5 in Unarmed Combat
  3599 | D:5      | Became a worshipper of Warmaster Okawaru
  3643 | D:5      | Noticed Blork the orc
  3669 | D:5      | Killed Blork the orc
  4005 | D:5      | Reached skill level 5 in Fighting
  4619 | D:6      | Reached XP level 8. HP: 80/80 MP: 7/7
  4715 | D:6      | Identified the +4 scale mail of the Morning Star {rPois
                  | Dex+3 Slay-2 SInv}
  4742 | D:6      | Found an opulent altar of Gozag.
  5002 | D:6      | Found a staircase to the Ecumenical Temple.
  5101 | D:6      | Found a basalt altar of Yredelemnul.
  5213 | D:7      | Found a glowing silver altar of Zin.
  5275 | D:7      | Found a shadowy altar of Dithmenos.
  5289 | D:7      | Reached * piety under Okawaru
  5589 | D:7      | Reached XP level 9. HP: 66/89 MP: 8/8
  5609 | D:7      | Reached ** piety under Okawaru
  5754 | D:7      | Found a shimmering altar of Xom.
  5754 | D:7      | Found a burning altar of Makhleb.
  5904 | D:8      | Found a radiant altar of Vehumet.
  5979 | D:8      | Reached skill level 1 in Throwing
  5994 | D:8      | Noticed Jeremiah
  6003 | D:8      | Killed Jeremiah
  6050 | D:8      | Found a snail-covered altar of Cheibriados.
  6287 | D:8      | Noticed an orange demon
  6288 | D:8      | Noticed Amaemon
  6293 | D:8      | Killed an orange demon
  6293 | D:8      | Reached *** piety under Okawaru
  6297 | D:8      | Killed Amaemon
  6343 | D:8      | Found a sparkling altar of Nemelex Xobeh.
  6526 | D:8      | Reached **** piety under Okawaru
  6535 | D:8      | Reached XP level 10. HP: 102/102 MP: 9/9
  7041 | D:9      | Reached ***** piety under Okawaru
  7069 | D:9      | Found the sphere of Battle
  7087 | D:9      | Found the +2 hat of the Bear Spirit {Spirit, Bear, *Rage
                  | Will++}
  7141 | D:9      | Slain by a vampire

Illustrated notes

Levels and vault maps discovered:
D:1:      dpeg_arrival_boxorama, layout_basic
D:2:      layout_loops_cross, nicolae_kite_square_tiling_tiny, corner_web_ring,
          minmay_hedge_maze, minmay_liquid_box, minmay_worlds_worst_comb,
          uniq_terence
D:3:      layout_basic, gammafunk_temple_overflow_pools,
          hellmonk_ecumenical_altar_inner_sanctum, minmay_distorted
D:4:      layout_basic, mainiacjoe_overflow_boulevard, minmay_misc_feat_five,
          nicolae_specific_store, nicolae_goblin_pals
D:5:      layout_basic, okawaru_gym_becter, uniq_blork_the_orc
D:6:      layout_loops_ring, lemuel_zombie_altar_yredelemnul,
          mainiacjoe_overflow_alcove_4, minmay_temple_entry_butterflies
D:7:      layout_loops_cross, grunt_temple_overflow_champion_of_chaos,
          mainiacjoe_overflow_concentric_impassable, zin_academy
D:8:      layout_loops_ring, nemelex_spade_bored_becter,
          mainiacjoe_overflow_small_starburst, lemuel_round_altar,
          grunt_tough_drop, uniq_amaemon, uniq_jeremiah
D:9:      layout_cave_pods, hellmonk_lair_entry_icy,
          minmay_mirror_moons_of_madness, uniq_harold, uniq_pikel

Skill      XL: |  1  2  3  4  5  6  7  8  9 10 |
---------------+-------------------------------+-----
Shields        | 3 4 5 6 7 8 |  8.3
Fighting       | 3 4 5 6 7 |  7.7
Unarmed Combat | 3 4 5 7 8 |  8.8
Throwing       | 3 4 |  4.5
Dodging        | |  2.4

Action                     |  1- 3 |  4- 6 |  7- 9 | 10-12 || total
---------------------------+-------+-------+-------+-------++-------
  Melee: Unarmed           |   102 |   236 |   280 |   114 ||   732
  Throw: Large rock        |       |       |     7 |     2 ||     9
    Use: Scroll            |       |       |     6 |       ||     6
         Potion            |       |       |     1 |     1 ||     2
   Stab: Sleeping          |       |     6 |     1 |       ||     7
 Armour: Robe              |    55 |    89 |   121 |    44 ||   309
         Troll leather arm |       |       |       |    29 ||    29
  Dodge: Dodged            |    63 |    57 |   146 |    57 ||   323
  Block: Kite shield       |    48 |   162 |   252 |   126 ||   588
         Reflection        |       |     3 |    11 |    21 ||    35

Table legend: (Time is in decaauts)
 A = Elapsed time spent in this place.
 B = Non-inter-level travel time spent in this place.
 C = Inter-level travel time spent in this place.
 D = Time resting spent in this place.
 E = Time spent auto-exploring this place.
 F = Levels seen in this place.
 G = Mean time per level.
                   A        B        C        D        E       F      G
               +--------+--------+--------+--------+--------+-----+--------+
         Total |   7158 |   6799 |    359 |     73 |   5173 |   9 |  795.3 |
       Dungeon |   7158 |   6799 |    359 |     73 |   5173 |   9 |  795.3 |
               +--------+--------+--------+--------+--------+-----+--------+

Top non-repeatable levels by time:
     D:3: 1141 daAuts
     D:5: 935 daAuts
     D:2: 844 daAuts
     D:1: 843 daAuts
     D:8: 826 daAuts
     D:6: 790 daAuts
     D:7: 706 daAuts
     D:4: 656 daAuts
     D:9: 415 daAuts
